 Dungeon Crawl Stone Soup version 0.23.2-1-ga50397a (webtiles) character file.

Game seed: 2099378607239721675

1191 xveg the Poker (level 8, -12/61 HPs)
             Began as a Demonspawn Abyssal Knight on May 15, 2019.
             Was a Priest of Lugonu.
             Splashed by a wight's acid (17 damage)
             ... on level 6 of the Dungeon.
             The game lasted 00:15:43 (4122 turns).

xveg the Poker (Demonspawn Abyssal Knight)          Turns: 4122, Time: 00:15:44

Health: -12/61     AC:  7    Str: 15    XL:     8   Next: 20%
Magic:  10/10      EV:  2    Int: 13    God:    Lugonu [***...]
Gold:   343        SH: 17    Dex: 13    Spells: 7/7 levels left

rFire    . . .     SeeInvis .   a - +1 spear
rCold    . . .     Gourm    .   d - +0 large shield
rNeg     . . .     Faith    +   m - +2 chain mail
rPois    .         Spirit   .   (no helmet)
rElec    .         Reflect  .   (no cloak)
rCorr    .         Harm     .   (no gloves)
MR       .....                  (no boots)
Stlth    ..........             f - amulet of faith
HPRegen  0.20/turn              e - ring of stealth
MPRegen  0.12/turn              (no ring)

@: corroded, drained
A: claws 1, large bone plates 1, spiny 1
a: Depart the Abyss, Bend Space, Banish, Renounce Religion


You were on level 6 of the Dungeon.
You worshipped Lugonu.
Lugonu was most pleased with you.
You were not hungry.

You visited 1 branch of the dungeon, and saw 6 of its levels.
You visited the Abyss 1 time.

You collected 343 gold pieces.

Inventory:

Hand Weapons
 a - a +1 spear (weapon)
 y - a cursed +6 halberd
Missiles
 i - 45 sling bullets
 A - 29 bolts
Armour
 b - a +0 leather armour
 d - a +0 large shield (worn)
 m - a +2 chain mail (worn)
 o - a +0 ring mail of cold resistance
Jewellery
 e - a ring of stealth (left claw)
 f - an amulet of faith (around neck)
 w - an uncursed ring of protection from magic
 z - an uncursed ring of see invisible
 B - an uncursed ring of see invisible
Wands
 j - a wand of disintegration (10)
 q - a wand of iceblast (8)
 x - a wand of enslavement (7)
Scrolls
 g - 2 scrolls of teleportation
 k - 2 scrolls of identify
 l - 2 scrolls of fog
 n - 5 scrolls of remove curse
 C - a scroll of immolation {unknown}
Potions
 h - a potion of heal wounds {unknown}
 p - 2 potions of magic
 r - 2 potions of lignification {unknown}
 s - a potion of berserk rage {unknown}
 t - a potion of haste {unknown}
 u - a potion of curing
 v - a potion of agility
Comestibles
 c - 12 rations


   Skills:
 + Level 4.7(3.9) Fighting
 + Level 5.5(4.7) Polearms
 + Level 4.1(3.4) Armour
 + Level 2.0(1.3) Dodging
 + Level 0.8(0.1) Stealth
 + Level 4.2(3.5) Shields
 + Level 2.7(2.0) Invocations
 + Level 0.1(0.0) Evocations


You had 7 spell levels left.
You didn't know any spells.
Your spell library was empty.

Dungeon Overview and Level Annotations

Branches:
Dungeon (6/15)
 Temple: D:4-7

Altars:
Fedhas
Kikubaaqudgha
Sif Muna
Xom

Annotations:
D:5 Menkaure


Innate Abilities, Weirdness & Mutations

You have sharp fingernails.
You are partially covered in large bone plates. (SH +4)
You are partially covered in sharp spines.


Message History

You hit the wight.
The wight is heavily damaged.
The wight barely misses you.
You hit the wight.
The wight is severely damaged.
You block the wight's attack.
Your shield prevents you from hitting the wight.
The wight is severely damaged.
You block the wight's attack.
You hit the wight.
The wight is almost destroyed.
You block the wight's attack.
You hit the wight but do no damage.
The wight is almost destroyed.
The wight zaps a wand.
The bolt of acid hits you! The acid corrodes you!
You are splashed with acid!
The wight zaps a wand.
The bolt of acid hits you!
* * * LOW HITPOINT WARNING * * *
You are splashed with acid!
You die...

88...88##.##.#
##..P.....(P.
##'''###...#.#
#............
#.......#.#.#
#.......g....
#########...#
#...P......P.
##..#
#...g........
#..# ...zP..P...
#..# #........#
##.########g....#
#>...@.)zzz...##
###############


You could see 3 wights and a gnoll.

Vanquished Creatures
  Grinder (D:4)
  2 black bears (D:4)
  5 wights (D:6)
  2 crimson imps (D:6)
  A centaur skeleton (D:6)
  2 orc priests (D:4)
  2 iguanas
  2 orc wizards
  7 worker ants
  A gnoll (D:6)
  9 adders
  2 oozes
  A dart slug (D:2)
  2 leopard geckos
  8 orcs
  2 giant cockroaches
  7 goblins
  10 hobgoblins
  8 jackals
  2 quokkas
  8 bats
  3 frilled lizards
  8 kobolds
  2 quokka skeletons
  7 rats
104 creatures vanquished.

Vanquished Creatures (others)
  A human (D:3)
1 creature vanquished.

Grand Total: 105 creatures vanquished

Notes
Turn   | Place    | Note
-------+----------+-------------------------------------------
     0 | Abyss:1  | xveg the Demonspawn Abyssal Knight began the quest for the
                  | Orb.
     0 | Abyss:1  | Reached XP level 1. HP: 18/18 MP: 2/2
    33 | Abyss:1  | Noticed a chaos spawn
    35 | D:1      | Escaped the Abyss
   212 | D:1      | Reached * piety under Lugonu
   230 | D:1      | Reached skill level 2 in Polearms
   231 | D:1      | Gained mutation: You have sharp fingernails. [demonic
                  | ancestry]
   231 | D:1      | Reached XP level 2. HP: 21/24 MP: 3/3
   410 | D:1      | Gained mutation: You are partially covered in large bone
                  | plates. (SH +4) [demonic ancestry]
   410 | D:1      | Reached XP level 3. HP: 17/30 MP: 4/4
   600 | D:2      | Reached skill level 1 in Dodging
   622 | D:2      | Gained mutation: You are partially covered in sharp spines.
                  | [demonic ancestry]
   622 | D:2      | Reached XP level 4. HP: 21/37 MP: 5/5
   730 | D:2      | Reached skill level 3 in Polearms
  1007 | D:2      | Reached ** piety under Lugonu
  1050 | D:2      | Found a deep blue altar of Sif Muna.
  1287 | D:3      | Reached XP level 5. HP: 42/42 MP: 6/6
  1446 | D:3      | Reached skill level 1 in Shields
  1460 | D:3      | Found an ancient bone altar of Kikubaaqudgha.
  1463 | D:3      | Noticed a human
  1465 | D:3      | Killed a human
  1717 | D:4      | Noticed a black bear
  1728 | D:4      | Killed a black bear
  1738 | D:4      | Noticed a black bear
  1753 | D:4      | Killed a black bear
  1753 | D:4      | Reached XP level 6. HP: 32/48 MP: 7/7
  1760 | D:4      | Reached skill level 4 in Polearms
  2247 | D:4      | Noticed Grinder
  2248 | D:4      | Paralysed by Grinder for 7 turns
  2262 | D:4      | Killed Grinder
  2262 | D:4      | Reached XP level 7. HP: 6/55 MP: 7/9
  2824 | D:5      | Entered Level 5 of the Dungeon
  2824 | D:5      | Noticed Menkaure
  2926 | D:5      | Reached skill level 5 in Polearms
  3263 | D:6      | Found a shimmering altar of Xom.
  3899 | D:6      | Reached *** piety under Lugonu
  3899 | D:6      | Reached XP level 8. HP: 61/61 MP: 10/10
  4029 | D:6      | Found a blossoming altar of Fedhas.
  4122 | D:6      | Splashed by a wight's acid

Skill      XL: |  1  2  3  4  5  6  7  8 |
---------------+-------------------------+-----
Polearms       | 2 3 4 5 |  5.5
Dodging        | 1 2 |  2.0
Armour         | 2 3 4 |  4.1
Shields        | 2 3 4 |  4.2
Fighting       | 4 |  4.7
Stealth        | |  0.8
Invocations    | |  2.7
Evocations     | |  0.1

Action                   |  1- 3 |  4- 6 |  7- 9 || total
-------------------------+-------+-------+-------++-------
Melee: Spear             |   106 |   196 |   201 ||   503
Invok: Depart the Abyss  |     1 |       |       ||     1
       Bend Space        |       |     1 |     1 ||     2
Evoke: Wand              |       |     2 |       ||     2
  Use: Scroll            |     6 |     2 |     5 ||    13
       Potion            |     3 |     2 |       ||     5
 Stab: Sleeping          |     1 |       |       ||     1
  Eat: Chunk             |       |     1 |       ||     1
       Ration            |       |     1 |     2 ||     3
Armor: Leather armour    |    18 |       |       ||    18
       Chain mail        |    20 |    66 |    36 ||   122
Dodge: Dodged            |    42 |     3 |     5 ||    50
Block: Large shield      |    14 |   147 |   129 ||   290
